 Dungeon Crawl Stone Soup version 0.20-a0-854-g0cc194a (console) character file.

343 nht the Cleaver (level 6, -9/50 HPs)
             Began as a Hill Orc Gladiator on Mar 11, 2017.
             Was a Follower of Ashenzari.
             Mangled by an ogre
             ... wielding a +0 giant spiked club
              (15 damage)
             ... on level 4 of the Dungeon.
             The game lasted 00:03:46 (3082 turns).

nht the Cleaver (Hill Orc Gladiator)                Turns: 3082, Time: 00:03:46

Health: -9/50      AC:  7    Str: 18    XL:     6   Next: 57%
Magic:  6/6        EV: 10    Int:  9    God:    Ashenzari [*.....]
Gold:   194        SH:  0    Dex: 10    Spells: 5/5 levels left

rFire    . . .     SeeInvis .   a - +0 war axe (curse)
rCold    . . .     Gourm    .   t - +0 scale mail (curse)
rNeg     . . .     Faith    .   (no shield)
rPois    .         Spirit   .   c - +0 helmet
rElec    .         Reflect  .   (no cloak)
rCorr    .         Harm     .   (no gloves)
MR       .....                  (no boots)
Stlth    ..........             (no amulet)
Regen    0.2/turn               (no ring)
MPRegen  0.1/turn               s - ring of flight (curse)

@: no status effects
A: clumsy 1, sense surroundings 1, evolution 1, MP-powered wands
a: Curse Item, Scrying, Renounce Religion, Evoke Flight


You were on level 4 of the Dungeon.
You worshipped Ashenzari.
Ashenzari was aware of your devotion.
You were not hungry.

You visited 1 branch of the dungeon, and saw 4 of its levels.

You collected 194 gold pieces.

Inventory:

Hand Weapons
 a - a cursed +0 war axe (weapon)
Missiles
 d - a throwing net (quivered)
Armour
 c - a +0 helmet (worn)
 t - a cursed +0 scale mail (worn)
Jewellery
 s - a cursed ring of flight (left hand)
Scrolls
 b - 3 scrolls of fear
 k - a scroll of amnesia
 m - 2 scrolls of fog
Potions
 e - 2 potions of flight
 i - a potion of brilliance
 j - 2 potions of mutation
 n - 4 potions of curing
Comestibles
 f - 4 bread rations
 g - 2 chunks of flesh
 h - a meat ration
 r - 2 royal jellies


   Skills:
 - Level 2.4 Fighting
 + Level 9.4 Axes
 - Level 1.7 Throwing
 - Level 2.4 Dodging


You had 5 spell levels left.
You didn't know any spells.

Dungeon Overview and Level Annotations

Branches:
Dungeon (4/15)
 Temple: D:4-7

Altars:
Ashenzari
Dithmenos
Kikubaaqudgha


Innate Abilities, Weirdness & Mutations

You are clumsy. (Dex -2)
You passively map a small area around you.
You evolve.
You expend magic power (3 MP) to strengthen your wands.


Message History

The ogre is almost dead.
The ogre barely misses you.
You barely miss the ogre.
The ogre is almost dead.
The ogre hits you with a giant spiked club!
* * * LOW HITPOINT WARNING * * *
You hit the ogre.
The ogre is almost dead.
You barely miss the ogre.
The ogre is almost dead.
The ogre barely misses you.
Your scale mail prevents you from hitting the ogre.
The ogre is almost dead.
The ogre closely misses you.
You closely miss the ogre.
The ogre is almost dead.
You hit the ogre.
The ogre is almost dead.
The ogre hits you with a giant spiked club!
You die...

,███,,,,,███,,,,,*█.█
,,*,,,,,,,*,,,,,,,█.█
,,*,,,,,,,*,,,,,,,█.█
,,*,,,,,,,*,,,,,,,█.█
,***,,,,,***,,,,,██.█
** **,,,** **,,,██..█
██****+**█████+██..██
..,,,,,,,.........██
..,,,,,,,......O@.█
..,,,,,,,.........█
██****+**█████+████
** **,,,** **,,,**
,***,,,,,***,,,,,**
,,*,,,,,,,*,,,,,,,*
,,*,,,,,,,*,,,,,,,*
,,*,,,,,,,*,,,,,,,*
,***,,,,,***,,,,,**


You could see an ogre.

Vanquished Creatures
  A hound (D:4)
  2 orc priests (D:4)
  2 iguanas (D:4)
  2 worker ants (D:4)
  A hound skeleton (D:4)
  6 adders
  2 oozes
  A worm (D:2)
  A dart slug (D:1)
  3 leopard geckos
  5 orcs
  8 bats
  2 giant cockroaches (D:1)
  8 goblins
  9 hobgoblins
  A quokka (D:3)
  3 frilled lizards
  10 kobolds
  10 rats
  3 rat zombies (D:2)
80 creatures vanquished.

Notes
Turn   | Place    | Note
-------+----------+-------------------------------------------
     0 | D:1      | nht the Hill Orc Gladiator began the quest for the Orb.
     0 | D:1      | Reached XP level 1. HP: 18/18 MP: 1/1
    80 | D:1      | Found a shattered altar of Ashenzari.
    90 | D:1      | Reached XP level 2. HP: 21/25 MP: 2/2
   166 | D:1      | Became a worshipper of Ashenzari the Shackled
   311 | D:1      | Reached skill level 5 in Axes
   574 | D:2      | Reached XP level 3. HP: 29/30 MP: 3/3
   607 | D:2      | Found an ancient bone altar of Kikubaaqudgha.
   879 | D:2      | Reached skill level 6 in Axes
  1017 | D:2      | Reached XP level 4. HP: 37/37 MP: 4/4
  1165 | D:2      | Found a shadowy altar of Dithmenos.
  1562 | D:3      | Reached skill level 7 in Axes
  1914 | D:3      | Reached XP level 5. HP: 42/42 MP: 5/5
  2076 | D:3      | Reached * piety under Ashenzari
  2669 | D:4      | Gained mutation: You evolve. [potion of mutation]
  2669 | D:4      | Gained mutation: You are clumsy. (Dex -2) [potion of mutation]
  2669 | D:4      | Gained mutation: You expend magic power (3 MP) to strengthen your wands. [potion of mutation]
  2669 | D:4      | Gained mutation: You passively map a small area around you. [potion of mutation]
  2673 | D:4      | Reached skill level 8 in Axes
  2721 | D:4      | Reached XP level 6. HP: 28/50 MP: 6/6
  2870 | D:4      | Reached skill level 9 in Axes
  3082 | D:4      | Mangled by an ogre

Vault maps used:
D:1:      eino_arrival_tree_alley, ashenzari_altar_1
D:2:      lemuel_zombie_altar_kikubaaqudgha,
          nicolae_dithmenos_through_a_glass_darkly
D:3:      first_bread
D:4:      kennysheep_six_static_rooms, minmay_tree_intersection

Skill      XL: |  1  2  3  4  5  6 |
---------------+-------------------+-----
Axes           | 5 6 7 8 9 |  9.4
Fighting       | |  2.4
Throwing       | |  1.7
Dodging        | |  2.4

Action                   |  1- 3 |  4- 6 || total
-------------------------+-------+-------++-------
Melee: War axe           |   123 |   150 ||   273
Throw: Throwing net      |       |     2 ||     2
Invok: Curse Item        |     1 |       ||     1
  Use: Scroll            |       |     9 ||     9
       Potion            |       |     5 ||     5
 Stab: Held in net/web   |       |     1 ||     1
  Eat: Chunk             |     1 |     6 ||     7
Armor: Leather armour    |    38 |       ||    38
       Plate armour      |    33 |    94 ||   127
       Scale mail        |       |     1 ||     1
Dodge: Dodged            |    57 |    45 ||   102
